AoeStats
← ASTHAROTH

Nomad

509663249Analyzed
2v2 RM · 5d ago on Sep 27, 2026· 50m 25s· 4 players
Game mode
Random Map
Map size
176×176
Population
200
Speed
Normal
Resources
Standard
Victory
Conquest
Starting age
Dark Age
Ending age
Imperial Age
RankedLock teamsTeams togetherTeam positionsShared explorationLock speedFull tech treeHidden civsTurbo modeCheats
Victory
Defeat
🇫🇮 Portuguese · Finland
921
+15
🇩🇪 Vikings · Germany
915
+15
🇫🇷 Vikings · France
912
-42
🇺🇸 Franks · United States
893
-15
ASTHAROTH
aextropical#0420
11:04 Loom
14:02 Feudal Age
14:57 Double-Bit Axe
20:45 Castle Age
21:31 Husbandry
21:44 Forging
35:49 Squires
36:48 Bow Saw
37:25 Scale Mail Armor
38:52 Iron Casting
41:54 Imperial Age
41:13 Wheelbarrow
41:19 Stone Mining
41:23 Gold Mining
42:16 Chain Mail Armor
43:06 Cavalier
TBAALB
4:14 Loom
15:28 Feudal Age
20:47 Castle Age
18:55 Fishing Lines
19:10 Double-Bit Axe
19:33 Arson
20:02 Forging
19:53 Scale Mail Armor
22:05 Iron Casting
21:47 Chain Mail Armor
21:43 Squires
22:34 Gillnets
32:00 Imperial Age
31:49 Bow Saw
33:50 Blast Furnace
33:21 Plate Mail Armor
32:48 Capped Ram
35:18 Two-Man Saw
35:06 Stone Mining
34:41 Elite Varangian Guard
38:33 Two-Man Saw
40:41 Fletching
41:06 Chieftains
48:42 Elite Longship
49:31 Spies/Treason
dundergubbe
13:52 Loom
16:15 Feudal Age
22:59 Castle Age
22:58 Bloodlines
22:55 Fishing Lines
23:05 Double-Bit Axe
29:10 Fervor
29:20 Bow Saw
29:03 Gold Mining
29:20 Gillnets
35:16 Imperial Age
34:02 Wheelbarrow
34:27 Elite Skirmisher
34:42 Light Cavalry
37:37 Conscription
37:39 Husbandry
39:56 Two-Man Saw
38:41 Horse Collar
39:10 Elite Organ Gun
41:36 Chemistry
41:41 Hand Cart
41:13 Town Watch
43:02 Siege Engineers
42:54 Murder Holes
43:21 Ballistics
43:36 Arquebus
44:16 Thumb Ring
44:05 Fletching
44:16 Padded Archer Armor
45:17 Bodkin Arrow
45:38 Leather Archer Armor
46:32 Treadmill Crane
47:05 Masonry
47:19 Bombard Tower
49:06 Careening
49:28 Architecture
49:09 Clinker Construction
49:29 Town Patrol
49:08 Elite Cannon Galleon
Connection lost

Rejoining the realm…

Still unreachable

The connection could not be restored.

Session expired

The server has moved on; the page needs a fresh start.